 Dungeon Crawl Stone Soup version 0.25-a0-890-g62861fb195 (webtiles) character file.

Game seed: 17316338462055882090, levelgen mode: deterministic

144 tilp the Bolt Thrower (level 5, 0/30 HPs)
             Began as a Kobold Arcane Marksman on May 2, 2020.
             Slain by a scorpion (5 damage)
             ... on level 4 of the Dungeon.
             The game lasted 00:07:04 (3791 turns).

tilp the Bolt Thrower (Kobold Arcane Marksman)      Turns: 3791, Time: 00:07:04

Health: 0/30       AC:  4    Str:  9    XL:     5   Next: 52%
Magic:  6/6        EV: 14    Int: 14    God:
Gold:   195        SH:  0    Dex: 15    Spells: 3/6 levels left

rFire    . . .     SeeInvis .   b - +0 flail
rCold    . . .     Gourm    .   (shield restricted)
rNeg     . . .     Faith    .   o - +0 leather armour
rPois    .         Spirit   .   (no helmet)
rElec    .         Reflect  .   i - +0 cloak
rCorr    .         Harm     .   (no gloves)
MR       +....                  (no boots)
Stlth    +.........             (no amulet)
HPRegen  0.10/turn              r - ring of protection from magic
MPRegen  0.10/turn              (no ring)

@: lethally poisoned (0 -> -11)
A: small, carnivore
a: no special abilities


You were on level 4 of the Dungeon.
You were completely stuffed.

You visited 1 branch of the dungeon, and saw 4 of its levels.

You collected 195 gold pieces.

Inventory:

Hand Weapons
 a - a +0 hand crossbow
 b - a +0 flail (weapon)
Missiles
 d - a bolt
Armour
 i - a +0 cloak (worn)
 o - a +0 leather armour (worn)
Jewellery
 r - a ring of protection from magic (left hand)
Scrolls
 k - a scroll of fog
 n - a scroll of enchant armour {unknown}
 p - 2 scrolls of remove curse
 q - a scroll of fear {unknown}
 u - a scroll of immolation
Potions
 f - 2 potions of invisibility {unknown}
 g - a potion of flight {unknown}
 h - a potion of mutation {unknown}
 m - a potion of curing
 s - a potion of degeneration {unknown}
Comestibles
 c - 7 rations


   Skills:
 + Level 2.2 Fighting
 - Level 6.0 Crossbows
 - Level 2.4 Dodging
 - Level 1.1 Spellcasting
 - Level 3.0 Hexes


You had 3 spell levels left.
You knew the following spells:

 Your Spells              Type           Power        Failure   Level  Hunger
a - Corona                Hex            #......      11%         1    ##.....
b - Slow                  Hex            #.......     16%         2    ###....

Your spell library contained the following spells:

 Spells                   Type           Power        Failure   Level  Hunger
 Animate Skeleton         Necr           N/A          36%         1    ##.....
 Apportation              Tloc           #.....       36%         1    ##.....
 Magic Dart               Conj           #...         36%         1    ##.....
 Summon Small Mammal      Summ           #...         36%         1    ##.....
 Searing Ray              Conj           #.....       50%         2    ###....
 Dazzling Flash           Conj/Hex       #.....       52%         3    ####...
 Inner Flame              Hex/Fire       #.......     52%         3    ####...
 Portal Projectile        Hex/Tloc       #.....       52%         3    ####...
 Cause Fear               Hex            #.........   71%         4    #####..
 Fulminant Prism          Conj/Hex       #.........   89%         4    #####..
 Leda's Liquefaction      Hex/Erth       #.........   89%         4    #####..
 Iskenderun's Mystic Bla  Conj/Tloc      #.......     98%         4    #####..


Dungeon Overview and Level Annotations

Branches:
Dungeon (4/15)
 Temple: D:4-7

Altars:
Dithmenos
Qazlal

Portals:
Ossuary: D:4


Innate Abilities, Weirdness & Mutations

You are small and have problems with some larger weapons.
You are carnivorous and can eat meat at any time.


Message History

You hit the scorpion.
The scorpion is almost dead.
The scorpion stings you.
* * * LOW HITPOINT WARNING * * *
You hit the scorpion but do no damage.
The scorpion is almost dead.
The scorpion misses you. The scorpion closely misses you.
You feel better. The scorpion stings you.
* * * LOW HITPOINT WARNING * * *
You hit the scorpion but do no damage.
The scorpion is severely wounded.
The scorpion stings you.
* * * LOW HITPOINT WARNING * * *
You are lethally poisoned!
The scorpion poisons you!
You hit the scorpion.
The scorpion is almost dead.
* * * LOW HITPOINT WARNING * * *
You feel sick. The scorpion closely misses you. The scorpion stings you.
You die...

**,,,,,* *,,,,,,, *,,,,,,*
*,,,,,,, *,,.,,,* *,,,,,,,
**,,∩.,,* **,,,,,,
*,,,...,** ***###*,,,,,
*,,,....,** *,....,,****
*,*,.....,* ###.......,,,
*,,,......######.....,..####
***,(..((.s@.....##***.....,
**.(.....#......# #....,,
**(....#........# #..#*<.
*,......##......####..##..
*,......*#................
*,......*#.(.(..###..###..
**....?**#......# #..##...
**...#* ######## #..#...#
***** ##..#..#*


You could see a scorpion.

Vanquished Creatures
  6 adders
  2 oozes (D:2)
  A worm (D:3)
  A dart slug (D:1)
  2 leopard geckos
  6 orcs (D:3)
  A ball python (D:3)
  4 bats
  2 giant cockroaches
  11 goblins
  3 hobgoblins
  2 jackals (D:3)
  12 kobolds
  A quokka (D:4)
  8 frilled lizards
  10 rats
72 creatures vanquished.

Notes
Turn   | Place    | Note
-------+----------+-------------------------------------------
     0 | D:1      | tilp the Kobold Arcane Marksman began the quest for the
                  | Orb.
     0 | D:1      | Reached XP level 1. HP: 12/12 MP: 2/2
   200 | D:1      | Reached skill level 3 in Crossbows
   277 | D:1      | Reached XP level 2. HP: 13/16 MP: 3/3
   283 | D:1      | Learned a level 2 spell: Slow
   778 | D:1      | Reached skill level 4 in Crossbows
   778 | D:1      | Reached XP level 3. HP: 20/20 MP: 4/4
   899 | D:2      | Found a faded altar of an unknown god.
  1294 | D:2      | Reached XP level 4. HP: 25/25 MP: 5/5
  1466 | D:2      | Reached skill level 5 in Crossbows
  2120 | D:3      | Reached XP level 5. HP: 27/29 MP: 4/6
  2397 | D:3      | Reached skill level 6 in Crossbows
  2728 | D:3      | Noticed an air elemental
  2729 | D:3      | Found a stormy altar of Qazlal.
  2850 | D:3      | Noticed a water elemental
  2851 | D:3      | Noticed a fire elemental
  3242 | D:3      | Found a shadowy altar of Dithmenos.
  3769 | D:4      | Found a sand-covered staircase.
  3791 | D:4      | Slain by a scorpion

Levels and vault maps discovered:
D:1:      tarquinn_simple_flora_water_a, layout_basic, minmay_rat_gold_closets
D:2:      layout_rooms, first_ration, chequers_ecumenical_altar_island
D:3:      layout_loops_corners, nicolae_overflow_crystal_walls,
          nicolae_qazlal_style_of_elements
D:4:      minmay_wonky_spiral, layout_rooms, kennysheep_mini_moat,
          nicolae_overflow_hidden_temple, enter_ossuary_1

Skill      XL: |  1  2  3  4  5 |
---------------+----------------+-----
Crossbows      | 3 4 5 6 |  6.0
Fighting       | 2 |  2.2
Dodging        | |  2.4
Spellcasting   | |  1.1
Hexes          | |  3.0

Action                   |  1- 3 |  4- 6 || total
-------------------------+-------+-------++-------
Melee: Short sword       |    31 |       ||    31
       Mace              |    27 |       ||    27
       Flail             |     2 |   121 ||   123
 Fire: Hand crossbow     |    29 |    27 ||    56
 Cast: Corona            |     7 |     4 ||    11
  Use: Scroll            |       |     5 ||     5
       Potion            |       |     2 ||     2
  Eat: Chunk             |    10 |     8 ||    18
Armor: Robe              |    17 |       ||    17
       Leather armour    |     4 |    27 ||    31
Dodge: Dodged            |    57 |    94 ||   151

Table legend:
 A = Non-vault XP
 B = Vault XP
 C = Vault XP percentage of total XP
 D = Non-vault monster count
 E = Vault monster count
 F = Vault count percentage of total count
                 A         B        C        D         E       F
            +---------+---------+-------+---------+---------+-------
      Total |     201 |       6 |   2.9 |      66 |       6 |   8.3
            +---------+---------+-------+---------+---------+-------
        D:1 |      23 |       6 |  20.7 |      13 |       6 |  31.6
        D:2 |      89 |       0 |   0.0 |      21 |       0 |   0.0
        D:3 |      87 |       0 |   0.0 |      31 |       0 |   0.0
        D:4 |       2 |       0 |   0.0 |       1 |       0 |   0.0
            +---------+---------+-------+---------+---------+-------
